 Dungeon Crawl Stone Soup version 0.17-a0-1642-gd4b747b (webtiles) character file.

627 maniek23 the Shield-Bearer (level 7, 0/61 HPs)
             Began as a Minotaur Fighter on Aug 8, 2015.
             Was an Initiate of Ru.
             Slain by a sky beast (6 damage)
             ... on level 5 of the Dungeon.
             The game lasted 00:08:19 (3194 turns).

maniek23 the Shield-Bearer (Minotaur Fighter)       Turns: 3194, Time: 00:08:19

Health: 0/61       AC:  7    Str: 21    XL:     7   Next: 23%
Magic:  6/6        EV:  4    Int:  5    God:    Ru [......]
Gold:   205        SH: 10    Dex: 11    Spells: 0 memorised, 6 levels left

rFire  . . .     SeeInvis .     a - +0 long sword
rCold  + . .     Clarity  .     r - +0 scale mail {rC+}
rNeg   . . .     SustAt   .     c - +0 shield
rPois  .         Gourm    .     (helmet restricted)
rElec  .         Spirit   .     (no cloak)
rCorr  .         Warding  .     (no gloves)
rMut   .         Stasis   .     (no boots)
MR     .....                    (no amulet)
Stlth  ..........               (no ring)
                                (no ring)

@: not resistant to hostile enchantments, extremely unstealthy
A: retaliatory headbutt, horns 2
a: Renounce Religion


You were on level 5 of the Dungeon.
You worshipped Ru.
Ru was noncommittal.
You were near starving.

You visited 2 branches of the dungeon, and saw 6 of its levels.

You collected 205 gold pieces.

Inventory:

Hand weapons
 a - a +0 long sword (weapon)
Missiles
 g - 19 bolts
Armour
 b - a +0 scale mail
 c - a +0 shield (worn)
 r - a +0 scale mail of cold resistance (worn)
Jewellery
 z - a cursed ring of teleportation {unknown}
Magical devices
 d - a wand of random effects (28)
Scrolls
 i - 4 scrolls of identify {unknown}
 j - 3 scrolls of remove curse {unknown}
 m - a scroll of teleportation {unknown}
 q - a scroll of random uselessness {unknown}
 s - 2 scrolls of fear {unknown}
 u - a scroll of recharging {unknown}
 w - a scroll of immolation {unknown}
 x - a scroll of blinking {unknown}
 y - 2 scrolls of enchant armour {unknown}
 A - a scroll of amnesia {unknown}
Potions
 f - a potion of heal wounds {unknown}
 l - 3 potions of curing
 p - a potion of brilliance {unknown}
 t - 2 potions of flight {unknown}
 v - a potion of magic {unknown}
Books
 h - a book of Annihilations

   Spells                             Type                      Level
   a - Poison Arrow                   Conjuration/Poison           6
   b - Chain Lightning                Conjuration/Air              8
   c - Lehudib's Crystal Spear        Conjuration/Earth            8
   d - Glaciate                       Conjuration/Ice              9
   e - Fire Storm                     Conjuration/Fire             9
Comestibles
 e - 4 bread rations
 k - 4 meat rations
 n - 2 beef jerkies
 o - a royal jelly


   Skills:
 + Level 5.3 Fighting
 * Level 4.6 Long Blades
 + Level 5.8 Armour
 - Level 2.9 Dodging
 - Level 0.3 Stealth
 + Level 5.9 Shields


You had 6 spell levels left.
You didn't know any spells.

Dungeon Overview and Level Annotations

Branches:
Dungeon (5/15)             Temple (1/1) D:4

Altars:
Ashenzari
Cheibriados
Dithmenos
Elyvilon
Fedhas
Gozag
Kikubaaqudgha
Makhleb
Nemelex Xobeh
Okawaru
Qazlal
Ru
Sif Muna
Trog
Vehumet
Yredelemnul
Zin
The Shining One

Shops:
D:4 *


Innate Abilities, Weirdness & Mutations

You reflexively headbutt those who attack you in melee.
You have a pair of horns on your head.


Message History

The sky beast shocks you.
* * * LOW HITPOINT WARNING * * *
You hit the sky beast but do no damage.
The sky beast is lightly wounded.
You feel sick. You block the sky beast's attack.
The sky beast flickers out of sight!
Deactivating autopickup; reactivate with Ctrl-A.
You feel sick.
You feel sick.
A sky beast appears from thin air!
Reactivating autopickup.
You feel sick.
You feel sick.
There is a stone staircase leading up here.
You feel sick.
You are no longer poisoned.
The sky beast hits you.
* * * LOW HITPOINT WARNING * * *
The sky beast shocks you.
You die...

#.............######
#...............#
#.....#.###.#.##.....#
........# #...# ####.#
........# ##.###
#.....#.# #...###
##....#.# #.#...#
....#. #.###Y# #.# #@#
#.# #.# #.# #.# #.#
#.. .. ###


You could see a sky beast.

Vanquished Creatures
  An ogre (D:4)
  A scorpion (D:4)
  An orc priest (D:3)
  3 orc wizards
  A giant frog skeleton (D:4)
  2 hounds (D:4)
  A worker ant (D:5)
  Terence (D:3)
  Natasha (thrice) (D:3)
  A hound skeleton (D:4)
  Robin (D:2)
  5 adders
  A shadow imp (D:5)
  An ooze (D:5)
  An adder skeleton (D:4)
  A giant gecko (D:2)
  15 orcs
  A ball python (D:3)
  4 giant cockroaches
  22 goblins
  8 hobgoblins
  5 jackals
  2 quokkas
  7 bats
  4 giant newts
  9 kobolds
  11 rats
113 creatures vanquished.

Notes
Turn   | Place    | Note
--------------------------------------------------------------
     0 | D:1      | maniek23 the Minotaur Fighter began the quest for the Orb.
     0 | D:1      | Reached XP level 1. HP: 19/19 MP: 0/0
   191 | D:1      | Reached XP level 2. HP: 24/27 MP: 1/1
   204 | D:1      | Reached skill level 4 in Armour
   638 | D:2      | Noticed Robin
   650 | D:2      | Killed Robin
   650 | D:2      | Reached XP level 3. HP: 23/33 MP: 2/2
   882 | D:2      | Reached skill level 1 in Dodging
  1052 | D:2      | Reached XP level 4. HP: 40/40 MP: 3/3
  1254 | D:3      | Noticed Natasha
  1266 | D:3      | Killed Natasha
  1266 | D:3      | Reached XP level 5. HP: 34/47 MP: 4/4
  1455 | D:3      | Reached skill level 5 in Shields
  1489 | D:3      | Noticed Terence
  1506 | D:3      | Killed Terence
  1547 | D:3      | Noticed Natasha
  1551 | D:3      | Killed Natasha
  1621 | D:3      | Reached skill level 5 in Armour
  1878 | D:3      | Noticed Natasha
  1883 | D:3      | Killed Natasha
  1920 | D:4      | Reached XP level 6. HP: 50/53 MP: 5/5
  1952 | D:4      | Noticed an ogre
  1962 | D:4      | HP: 1/53 [ogre/giant club (10)]
  1964 | D:4      | Killed an ogre
  2273 | D:4      | Reached skill level 5 in Fighting
  2371 | D:4      | Found Duost's Assorted Antiques.
  2680 | D:4      | Found an opulent altar of Gozag.
  2758 | D:4      | Reached XP level 7. HP: 61/61 MP: 6/6
  2910 | D:4      | Found a staircase to the Ecumenical Temple.
  2915 | Temple   | Entered the Ecumenical Temple
  3011 | Temple   | Became a worshipper of Ru the Awakened
  3097 | D:5      | Entered Level 5 of the Dungeon
  3194 | D:5      | Slain by a sky beast

Vault maps used:
D:1:      dpeg_arrival_tiny_g, serial_glass, glass_columns_a, glass_columns_a,
          glass_columns_c
D:2:      first_bread, uniq_robin
D:3:      uniq_natasha, uniq_terence
D:4:      temple_doors_e, serial_shops, nicolae_shop_crystal,
          grunt_gozag_breadcrumbs
D:5:      led_xom_imps, serial_shops, shop, uniq_prince_ribbit1
Temple:   kilobyte_greek_temple_18

Action                   |  1- 3 |  4- 6 |  7- 9 || total
-------------------------+-------+-------+-------++-------
Melee: Long sword        |   107 |   164 |    46 ||   317
  Use: Potion            |     1 |       |       ||     1
  Eat: Chunk             |     1 |     5 |       ||     6
